 Dungeon Crawl Stone Soup version 0.31-a0-640-g39d97e502b (webtiles) character file.

Game seed: 13458922136051571799

28 thirtiethelement the Grave Robber (level 3, 0/24 HPs)
             Began as a Demonspawn Necromancer on Aug 27, 2023.
             Slain by a worm (10 damage)
             ... on level 2 of the Dungeon.
             The game lasted 00:02:48 (1123 turns).

thirtiethelement the Grave Robber (DsNe)            Turns: 1123, Time: 00:02:49

Health: 0/24       AC:  2    Str:  8    XL:     3   Next: 0%
Magic:  0/6        EV: 12    Int: 18    God:
Gold:   61         SH:  0    Dex: 13    Spells: 5/6 levels left

rFire   . . .        d - +0 dagger
rCold   . . .        (no shield)
rNeg    . . .        a - +0 robe
rPois   .            (no helmet)
rElec   .            (no cloak)
rCorr   .            (no gloves)
SInv    .            (no boots)
Will    .....        (no amulet)
Stlth   ++           (no ring)
HPRegen 0.24/turn    (no ring)
MPRegen 0.10/turn

%: no passive effects
@: no status effects
A: powered by death 1
a: no special abilities


You were on level 2 of the Dungeon.
You visited 1 branch of the dungeon, and saw 2 of its levels.

You collected 61 gold pieces.

Inventory:

Hand Weapons
 d - a +0 dagger (weapon)
Missiles
 h - 2 javelins (quivered)
Armour
 a - a +0 robe (worn)
Scrolls
 c - 2 scrolls of teleportation {unknown}
 f - a scroll of identify {unknown}
 g - a scroll of fear {unknown}
Potions
 b - a potion of magic
 e - a potion of enlightenment {unknown}
 i - a potion of might {unknown}


   Skills:
 + Level 0.1 Short Blades
 + Level 2.0 Dodging
 + Level 1.9 Stealth
 + Level 2.2 Spellcasting
 + Level 5.0 Necromancy


You had 5 spell levels left.
You knew the following spells:

 Your Spells              Type           Power      Damage    Failure   Level
a - Necrotise             Necr           80%        1d8       2%          1

Your spell library contained the following spells:

 Spells                   Type           Power      Damage    Failure   Level
 Vampiric Draining        Necr           20%        2d7       7%          3
 Animate Dead             Necr           20%        N/A       22%         4
 Agony                    Necr           20%        N/A       52%         5


Dungeon Overview and Level Annotations

Branches:
Dungeon (2/15)

Altars:


Innate Abilities, Weirdness & Mutations

You regenerate a little health from kills.


Message History

Press: ? - help, Shift-Dir - straight line, f - worm
Aim: a worm (chance to affect: 84%)
The worm barely resists.
Casting: Necrotise (safe; 2% risk of failure)
Confirm with . or Enter, or press ? or * to list all spells.
Aiming: Necrotise (safe; 2% risk of failure)
Press: ? - help, Shift-Dir - straight line, f/p - worm
Aim: a worm (chance to affect: 84%)
The worm barely resists.
Casting: Necrotise (safe; 2% risk of failure)
Confirm with . or Enter, or press ? or * to list all spells.
Aiming: Necrotise (safe; 2% risk of failure)
Press: ? - help, Shift-Dir - straight line, f/p - worm
Aim: a worm (chance to affect: 84%)
The worm writhes in agony.
The worm barely misses you.
Casting: Necrotise (safe; 2% risk of failure)
Confirm with . or Enter, or press ? or * to list all spells.
Aiming: Necrotise (safe; 2% risk of failure)
Press: ? - help, Shift-Dir - straight line, f/p - worm
Aim: a worm (lightly wounded, chance to affect: 84%)
The worm writhes in agony.
Casting: Necrotise (safe; 2% risk of failure)
Confirm with . or Enter, or press ? or * to list all spells.
Aiming: Necrotise (safe; 2% risk of failure)
Press: ? - help, Shift-Dir - straight line, f/p - worm
Aim: a worm (moderately wounded, chance to affect: 84%)
The worm writhes in agony!
The worm bites you!
Casting: Necrotise (safe; 2% risk of failure)
Confirm with . or Enter, or press ? or * to list all spells.
Aiming: Necrotise (safe; 2% risk of failure)
Press: ? - help, Shift-Dir - straight line, f/p - worm
Aim: a worm (severely wounded, chance to affect: 84%)
The worm writhes in agony.
The worm bites you!
You are too injured to fight recklessly!
You hit the worm but do no damage.
The worm is almost dead.
You barely miss the worm. You punch the worm, but do no damage.
The worm is almost dead.
The worm bites you!
You die...

########
##......## #
##........##
##.#..........#
..............#
#....<......#
##..........#
#.....@w...#
##........##
#..........#
#..........#
............#
#............#
#............#
.........".##


You could see a worm.

Vanquished Creatures
  6 ball pythons (D:1)
  3 bats (D:1)
  3 endoplasms (D:1)
  2 goblins (D:1)
  A hobgoblin (D:1)
  3 quokkas (D:1)
  3 rats (D:1)
21 creatures vanquished.

Vanquished Creatures (collateral kills)
  A goblin (D:1)
  A hobgoblin (D:1)
  A kobold (D:1)
3 creatures vanquished.

Grand Total: 24 creatures vanquished

Notes
Turn   | Place    | Note
-------+----------+-------------------------------------------
     0 | D:1      | thirtiethelement the Demonspawn Necromancer began the quest
                  | for the Orb.
     0 | D:1      | Reached XP level 1. HP: 13/13 MP: 3/3
     3 | D:1      | Noticed an electric eel
     4 | D:1      | Noticed an electric eel
   233 | D:1      | Gained mutation: You regenerate a little health from kills.
                  | [demonic ancestry]
   233 | D:1      | Reached XP level 2. HP: 19/19 MP: 0/5
   764 | D:1      | Found a faded altar of an unknown god.
   926 | D:1      | Reached skill level 5 in Necromancy
   926 | D:1      | Reached XP level 3. HP: 24/24 MP: 3/6
  1123 | D:2      | Slain by a worm

Illustrated notes

Levels and vault maps discovered:
D:1:      arrival_aquarium_b, layout_loops_ring,
          shapermc_ecumenical_altar_flowoftime
D:2:      layout_rooms, basic_altar, kennysheep_generic_room_4

Skill      XL: |  1  2 |
---------------+-------+-----
Dodging        | 2 |  2.0
Necromancy     | 5 |  5.0
Short Blades   | |  0.1
Stealth        | |  1.9
Spellcasting   | |  2.2

Action                     || total
---------------------------++-------
  Melee: Unarmed           ||    45
         Dagger            ||     7
         Punch             ||     1
   Cast: Necrotise         ||    43
   Stab: Sleeping          ||     5
 Armour: Robe              ||    36
  Dodge: Dodged            ||    66

Table legend: (Time is in decaauts)
 A = Elapsed time spent in this place.
 B = Non-inter-level travel time spent in this place.
 C = Inter-level travel time spent in this place.
 D = Time resting spent in this place.
 E = Time spent auto-exploring this place.
 F = Levels seen in this place.
 G = Mean time per level.
                   A        B        C        D        E       F      G
               +--------+--------+--------+--------+--------+-----+--------+
         Total |   1122 |   1117 |      5 |      0 |    894 |   2 |  561.0 |
       Dungeon |   1122 |   1117 |      5 |      0 |    894 |   2 |  561.0 |
               +--------+--------+--------+--------+--------+-----+--------+

Top non-repeatable levels by time:
     D:1: 1110 daAuts
     D:2: 11 daAuts
